[Event "WSTCC-65 2024"]
[Site "Krakow"]
[Date "2024.07.02"]
[Round "1.10"]
[White "Fletcher, John"]
[Black "Legky, Nikolay A"]
[Result "0-1"]
[ECO "B07"]
[WhiteElo "2007"]
[BlackElo "2339"]
[Annotator "TA"]
[PlyCount "58"]
[EventDate "2024.07.01"]
[EventType "team-tourn"]
[EventCountry "POL"]
[SourceTitle "playchess.com"]
[Source "ChessBase"]
[SourceQuality "1"]
[TimeControl "40/5400+30:1800+30"]

1. d4 d6 2. e4 Nf6 3. Nc3 g6 4. Be2 Bg7 5. g4 d5 6. e5 Ne4 7. Nxe4 dxe4 8. Be3 {[%emt 0:04:44] [#]} (8. b4 $11) 8... c5 $1 $15 {[%emt 0:00:08] Black is slightly better.} 9. c3 (9. dxc5 O-O) 9... cxd4 10. cxd4 Qa5+ 11. Kf1 Nc6 12. Qc2 Be6 13. Nh3 Rc8 {[%emt 0:04:44][%cal Oc6d4,Ba8c8,Bc8c2,Bc2a2][%mdl 32] [#] aiming for ...Nxd4!} (13... Bxa2 $2 14. Kg2 $18) 14. Qc3 h5 (14... Bxa2 $2 15. Qxa5 Nxa5 16. Rxa2 $18) 15. Nf4 {[%emt 0:14:47] Nxe6 would now be deadly. White is now going downhill.} Bxg4 16. Bxg4 hxg4 17. Qxa5 Nxa5 18. e6 (18. Kg2 $17) 18... Rc2 19. b3 {[%emt 0:03:55] Against Nc4} (19. Rc1 $17 {might work better.} Rxc1+ (19... Rxb2 20. Rc8#) 20. Bxc1) 19... Nc6 $19 20. Rd1 g3 21. fxg3 Rxa2 {[%emt 0:04:09] Black is more active.} (21... Rcxh2 22. Rxh2 Rxh2 23. d5 $15) 22. h4 (22. d5 $17 {keeps fighting.} Ne5 (22... Rhxh2 $2 23. Rxh2 Rxh2 24. dxc6 $18) 23. Rd2 Rxd2 24. Bxd2) 22... O-O ({Black should play} 22... Nb4 $19 {Threatens to win with ...Nc2.} 23. Kg1 (23. exf7+ $2 Kxf7 24. Bg1 g5 $19) 23... O-O) 23. Kg1 (23. exf7+ Rxf7 (23... Kxf7 24. Rg1 $17) 24. d5 Nb4 $19) (23. d5 $17 {was worth a try.} Ne5 24. Rd2) 23... Rd8 24. exf7+ (24. d5 {was called for.} Ne5 25. h5 Nf3+ 26. Kf1 gxh5 (26... g5 27. exf7+ Kxf7 28. Ne6 $17) 27. Rxh5) 24... Kxf7 25. Rf1 Bxd4 26. Ne2+ {[%emt 0:01:57] Black has a decisive advantage.} Kg7 27. Nxd4 Nxd4 28. Bxd4+ Rxd4 29. Rh2 Rdd2 {[%emt 0:05:40] Weighted Error Value: White=0.30/Black=0.19 (very precise) .  Mistake:       	White=6     	Black=1      Inaccurate:     	White=5     	Black=1      OK:         	White=6     	Black=4      Best:        	---       	Black=1      Brilliant:      	---       	Black=1} 0-1

[Event "WSTCC-65 2024"]
[Site "Krakow"]
[Date "2024.07.02"]
[Round "1.11"]
[White "Roos, Louis"]
[Black "Van Kemenade, Rudy"]
[Result "1-0"]
[ECO "A04"]
[WhiteElo "2288"]
[BlackElo "1960"]
[Annotator "NA RC"]
[PlyCount "53"]
[EventDate "2024.07.01"]
[EventType "team-tourn"]
[EventCountry "POL"]
[SourceTitle "playchess.com"]
[Source "ChessBase"]
[SourceQuality "1"]
[TimeControl "40/5400+30:1800+30"]

1. Nf3 d6 2. d4 f5 3. g3 Nf6 4. Bg2 g6 5. b3 Bg7 6. Bb2 O-O 7. O-O Nc6 8. d5 Nb4 9. c4 c5 10. a3 Na6 11. Nc3 Nc7 12. Qc2 a6 13. b4 b6 14. Rfd1 Rb8 15. e3 h6 16. Nh4 Qe8 17. Rab1 Ng4 18. Ne2 g5 19. Bxg7 Kxg7 20. Nf3 Qh5 21. bxc5 dxc5 22. Qc3+ Kh7 23. d6 exd6 24. Rxd6 Nxh2 25. Nxh2 Qxe2 26. Bf3 Qa2 27. Ra1 1-0

[Event "WSTCC-65 2024"]
[Site "Krakow"]
[Date "2024.07.02"]
[Round "1.11"]
[White "Stebbings, Anthony J"]
[Black "Moyses Sobrinho, Elias"]
[Result "1/2-1/2"]
[ECO "D96"]
[WhiteElo "2240"]
[BlackElo "1908"]
[Annotator "TA"]
[PlyCount "85"]
[EventDate "2024.07.01"]
[EventType "team-tourn"]
[EventCountry "POL"]
[SourceTitle "playchess.com"]
[Source "ChessBase"]
[SourceQuality "1"]
[TimeControl "40/5400+30:1800+30"]

1. d4 Nf6 2. c4 g6 3. Nc3 d5 4. Nf3 Bg7 5. Qb3 c6 6. cxd5 Nxd5 7. e4 Nxc3 8. bxc3 Qb6 9. Qa3 Qc7 {[%emt 0:06:26] Weiß steht etwas besser.} 10. Be2 O-O 11. Bg5 Re8 12. O-O h6 13. Bh4 b6 (13... Bg4 $14) 14. Rad1 Bb7 15. Bg3 Qc8 16. c4 {[%emt 0:03:54] Weiß steht deutlich aktiver. Die schwarzen Türme stehen passiv.} e6 17. Bd6 Nd7 18. e5 c5 {[%emt 0:01:41] [#]} 19. Qe3 ({Besser ist} 19. h4 $1 $16) 19... cxd4 20. Nxd4 Nc5 21. Nb5 {[%emt 0:01:38] Schwarz muss nun Bxc5 beachten.} Rd8 22. Be7 Rxd1 23. Rxd1 Nd7 24. Nd6 Qc7 25. Nxb7 {[%emt 0:01:16][%cal Oe7d8] [#] Droht stark Bd8!} Re8 26. Bb4 Qxb7 27. f4 Bf8 28. Bxf8 Nxf8 29. h4 Qe7 30. h5 Rd8 31. Rxd8 Qxd8 32. hxg6 Nxg6 $11 {[%emt 0:02:34][%mdl 4096] Endspiel. KQB-KQN} 33. g3 Kg7 34. Kf2 Ne7 35. Bd3 Nc6 36. Be4 Na5 37. Bd3 Nc6 38. Qe4 Qd4+ (38... Kf8 $5) 39. Qxd4 Nxd4 40. Ke3 Nc6 {[%emt 0:03:29] Die Stellung ist ausgeglichen.} 41. Be4 Nb8 42. Kd4 Nd7 43. Bc2 {[%emt 0:00:00] Gewichteter Fehlerwert: Weiß=0.13 (sehr präzise) /Schwarz=0.10 (sehr präzise) .  Fehler:       	Weiß=1     	Schwarz=1     Ungenau:       	Weiß=5     	Schwarz=6     OK:         	Weiß=8     	Schwarz=18    Bester:       	---       	Schwarz=1} 1/2-1/2

[Event "WSTCC-65 2024"]
[Site "Krakow"]
[Date "2024.07.02"]
[Round "1.11"]
[White "Mueller, Gerhard"]
[Black "Hewson, Brian W R"]
[Result "1/2-1/2"]
[ECO "B15"]
[WhiteElo "2070"]
[BlackElo "2042"]
[Annotator "NA RC"]
[PlyCount "33"]
[EventDate "2024.07.01"]
[EventType "team-tourn"]
[EventCountry "POL"]
[SourceTitle "playchess.com"]
[Source "ChessBase"]
[SourceQuality "1"]
[TimeControl "40/5400+30:1800+30"]

1. e4 c6 2. d4 d5 3. Nd2 dxe4 4. Nxe4 Nf6 5. Nxf6+ exf6 6. Nf3 Bd6 7. Be2 O-O 8. O-O Re8 9. Be3 Nd7 10. Qd2 Nf8 11. Rfe1 Ng6 12. Rad1 Qc7 13. h3 f5 14. Qd3 Bf4 15. Bf1 Bxe3 16. Rxe3 Bd7 17. Rde1 1/2-1/2

[Event "WSTCC-65 2024"]
[Site "Krakow"]
[Date "2024.07.02"]
[Round "1.12"]
[White "Hughes, Anthony"]
[Black "Roos, Jean-Luc"]
[Result "0-1"]
[ECO "A22"]
[WhiteElo "1913"]
[BlackElo "2161"]
[Annotator "RC"]
[PlyCount "100"]
[EventDate "2024.07.01"]
[EventType "team-tourn"]
[EventCountry "POL"]
[SourceTitle "playchess.com"]
[Source "ChessBase"]
[SourceQuality "1"]
[TimeControl "40/5400+30:1800+30"]

1. c4 e5 2. Nc3 Nf6 3. g3 c6 4. Nf3 e4 5. Nd4 Qb6 6. Nb3 a5 7. d4 a4 8. Nd2 Qxd4 9. Bg2 d5 10. cxd5 cxd5 11. e3 Qb4 12. a3 Qa5 13. b4 axb3 14. Qxb3 Nbd7 15. O-O Be7 16. f3 Nc5 17. Qb5+ Qxb5 18. Nxb5 O-O 19. Bb2 Ra5 20. Nd4 exf3 21. Bxf3 Nd3 22. N4b3 Ra4 23. Bd4 Bh3 24. Rfb1 Rc8 25. Nc1 Nxc1 26. Rxc1 Rxa3 27. Kf2 Rxa1 28. Rxc8+ Bxc8 29. Bxa1 Be6 30. Nb3 Ng4+ 31. Bxg4 Bxg4 32. Bc3 f6 33. Nc1 Kf7 34. Nd3 Bf5 35. Nb4 Ke6 36. Ke2 Bd6 37. Kd2 Be5 38. Bd4 h5 39. Ke2 Bd6 40. Bc3 h4 41. Kf2 Be4 42. Na2 Kf5 43. Nc1 hxg3+ 44. hxg3 Kg4 45. Ne2 b5 46. Nf4 b4 47. Bd4 b3 48. Ke2 Be5 49. Kd2 Bxd4 50. exd4 b2 0-1

[Event "WSTCC-65 2024"]
[Site "Krakow"]
[Date "2024.07.02"]
[Round "1.12"]
[White "Vieira, Alexandre Letizio"]
[Black "Beaumont, Chris R"]
[Result "1/2-1/2"]
[ECO "B00"]
[WhiteElo "1825"]
[BlackElo "2198"]
[Annotator "RC"]
[PlyCount "59"]
[EventDate "2024.07.01"]
[EventType "team-tourn"]
[EventCountry "POL"]
[SourceTitle "playchess.com"]
[Source "ChessBase"]
[SourceQuality "1"]
[TimeControl "40/5400+30:1800+30"]

1. e4 d6 2. d3 g6 3. Nf3 Bg7 4. g3 c5 5. Bg2 Nc6 6. O-O Nf6 7. c3 O-O 8. Re1 e5 9. Nbd2 h6 10. a4 Be6 11. h3 a6 12. Nf1 Rb8 13. Bd2 b5 14. axb5 axb5 15. Ne3 Ra8 16. Qc2 Qd7 17. Kh2 Qb7 18. Nh4 b4 19. Nd5 bxc3 20. bxc3 Rxa1 21. Rxa1 Bxd5 22. Rb1 Qa8 23. exd5 Ne7 24. c4 Rb8 25. Bc3 g5 26. Nf3 Nf5 27. Rxb8+ Qxb8 28. Nd2 Nd4 29. Bxd4 exd4 30. Qb3 1/2-1/2

[Event "WSTCC-65 2024"]
[Site "Krakow"]
[Date "2024.07.02"]
[Round "1.13"]
[White "Sanetra, Piotr"]
[Black "Ftacnik, Lubomir"]
[Result "1/2-1/2"]
[ECO "B22"]
[WhiteElo "2024"]
[BlackElo "2452"]
[Annotator "TA"]
[PlyCount "57"]
[EventDate "2024.07.01"]
[EventType "team-tourn"]
[EventCountry "POL"]
[SourceTitle "playchess.com"]
[Source "ChessBase"]
[SourceQuality "1"]
[TimeControl "40/5400+30:1800+30"]

1. e4 c5 2. c3 Nf6 3. e5 Nd5 4. d4 cxd4 5. Qxd4 e6 6. Nf3 Nc6 7. Qe4 Qc7 8. Bc4 Nde7 9. Bf4 b6 10. O-O Bb7 {[%emt 0:23:43] [#] White must now prevent ...Na5.} 11. Qe2 Ng6 12. Bg3 Nce7 13. Nd4 Nd5 14. f4 {[%emt 0:10:53] [#] f5 would now be deadly.} Ne3 15. Qxe3 Qxc4 16. Nd2 Qd5 17. N2f3 Bc5 18. b4 Bxd4 19. Qxd4 Rc8 20. Rfc1 (20. Rac1 $11) 20... Ne7 ({Better is} 20... h5 $1 $15 21. h4 Qb5) 21. c4 $36 {[%emt 0:01:16][%cal Bc3c4,Bc4c5][%mdl 2080] Black is under pressure.} Qe4 22. Qxe4 Bxe4 23. Nd4 {[%emt 0:00:31] Strongly threatening Nb5.} Nf5 24. Nxf5 exf5 25. Bf2 O-O 26. c5 b5 27. a4 a6 28. axb5 axb5 29. Bd4 {[%emt 0:00:40] Weighted Error Value: White=0.09 (flawless) /Black=0.10 (very precise) .  Mistake:       	White=1     	Black=1      Inaccurate:     	White=2     	Black=2      OK:         	White=10    	Black=10     Best:        	White=1     	Black=1} 1/2-1/2

[Event "WSTCC-65 2024"]
[Site "Krakow"]
[Date "2024.07.02"]
[Round "1.13"]
[White "Vilerte, Tamara"]
[Black "Binham, Timothy F."]
[Result "1/2-1/2"]
[ECO "A04"]
[WhiteElo "1971"]
[BlackElo "2276"]
[Annotator "TA"]
[PlyCount "68"]
[EventDate "2024.07.01"]
[EventType "team-tourn"]
[EventCountry "POL"]
[SourceTitle "playchess.com"]
[Source "ChessBase"]
[SourceQuality "1"]
[TimeControl "40/5400+30:1800+30"]

1. Nf3 c5 2. b3 Nc6 3. Bb2 d6 4. e3 e5 5. d3 Nf6 6. Be2 g6 7. O-O Bg7 8. Nbd2 O-O 9. h3 Re8 10. Nh2 d5 11. e4 Be6 12. Rb1 Qd7 13. Ng4 Nxg4 14. hxg4 Nd4 15. exd5 Qxd5 16. Ne4 Nxe2+ 17. Qxe2 h6 18. g5 hxg5 19. Nxg5 Bd7 20. Qe4 Bc6 21. f3 (21. Qxd5 {simplifies} Bxd5 22. Rfe1 f6 23. Ne4) 21... f6 22. Qxd5+ Bxd5 23. Ne4 b6 24. a4 Rad8 25. Rbe1 Kf7 26. Kf2 g5 27. g4 Kg6 28. Bc1 Rh8 29. Rh1 {[%emt 0:00:14] Inhibits Rh2+.} Rh4 30. Kg2 (30. Rxh4 {simplifies} gxh4 31. Kg2 Rh8 32. Kh3) 30... Rdh8 31. Be3 f5 32. gxf5+ (32. Nxg5 $2 {perishes.} Rxh1 (32... Rxg4+ $2 33. Kf2 $19) (32... fxg4 33. Rxh4 Rxh4 34. Ne4 $17) 33. Rxh1 (33. gxf5+ $2 Kxf5 34. Rxh1 Rxh1 $19) 33... Rxh1 (33... fxg4 34. Rxh8 gxf3+ 35. Kf2 $11) 34. gxf5+ Kxf5 35. Kxh1 Bh6 $19) 32... Kxf5 33. Ng3+ Kg6 {[%emt 0:00:18] [#] Strongly threatening ...g4.} 34. Ne4 Kf5 {[%emt 0:03:16] Weighted Error Value: White=0.09 (flawless) /Black=0.09 (flawless) .  Inaccurate:     	White=2     	Black=5      OK:         	White=9     	Black=12     Best:        	White=1     	---} 1/2-1/2

[Event "WSTCC-65 2024"]
[Site "Krakow"]
[Date "2024.07.02"]
[Round "1.13"]
[White "McGill, Derek"]
[Black "Shilov, Sergej"]
[Result "0-1"]
[ECO "A10"]
[WhiteElo "1827"]
[BlackElo "2143"]
[Annotator "NA RC"]
[PlyCount "82"]
[EventDate "2024.07.01"]
[EventType "team-tourn"]
[EventCountry "POL"]
[SourceTitle "playchess.com"]
[Source "ChessBase"]
[SourceQuality "1"]
[TimeControl "40/5400+30:1800+30"]

1. c4 d6 2. g3 e5 3. Bg2 g6 4. Nc3 Bg7 5. d3 f5 6. e4 Nc6 7. Nge2 Nf6 8. O-O O-O 9. h3 Be6 10. Kh2 fxe4 11. Nxe4 Nxe4 12. Bxe4 Qd7 13. Bg2 d5 14. Qb3 dxc4 15. dxc4 Na5 16. Qb5 Qxb5 17. cxb5 Bc4 18. Bd2 Bxe2 19. Bxa5 Bxb5 20. Bxb7 Rad8 21. Kg1 Bxf1 22. Rxf1 e4 23. Bc3 Bxc3 24. bxc3 e3 25. fxe3 Rxf1+ 26. Kxf1 Rd2 27. e4 Kg7 28. Bd5 Kf6 29. h4 Rc2 30. Ke1 h6 31. Kf1 Ke5 32. Kg1 g5 33. hxg5 hxg5 34. Kf1 Rxc3 35. Kf2 c6 36. Bf7 Kxe4 37. Bg6+ Kd4 38. Bh7 c5 39. Kg2 Ra3 40. Bb1 Ke3 41. Kh3 Kf2 0-1

[Event "WSTCC-65 2024"]
[Site "Krakow"]
[Date "2024.07.02"]
[Round "1.14"]
[White "Plachetka, Jan"]
[Black "Kasperek, Wieslaw"]
[Result "0-1"]
[ECO "A39"]
[WhiteElo "2289"]
[BlackElo "2009"]
[Annotator "TA"]
[PlyCount "64"]
[EventDate "2024.07.01"]
[EventType "team-tourn"]
[EventCountry "POL"]
[SourceTitle "playchess.com"]
[Source "ChessBase"]
[SourceQuality "1"]
[TimeControl "40/5400+30:1800+30"]

1. c4 c5 2. Nf3 Nc6 3. g3 g6 4. Bg2 Bg7 5. Nc3 Nf6 6. O-O O-O 7. d4 cxd4 8. Nxd4 Qb6 9. Nb3 d6 10. Be3 Qd8 11. Rc1 Be6 12. Nd5 Rc8 13. Bg5 Bxd5 {[%emt 0:06:22] Die Stellung ist ausgeglichen.} 14. cxd5 Ne5 15. Qd4 a6 16. Bh3 {[%emt 0:04:30] Ein starkes Läuferpaar.} Rxc1 17. Rxc1 Nfd7 (17... Qe8 $14) 18. Qb4 (18. Qa7 $18) 18... b5 19. Na5 {[%emt 0:02:13] Verhindert Nc4.} h6 20. Be3 (20. Nc6 $16 Nxc6 21. dxc6) 20... Nf6 {[%emt 0:04:55] [#]} (20... Nb6 $1 $14 21. Bxb6 Qxb6) 21. Qd2 (21. Rc8 $1 $18 {[%cal Rc8d8] bietet bessere Gewinnchancen.} Qxc8 (21... Nxd5 $2 22. Qd2 $18) 22. Bxc8 Rxc8 23. Qd2) 21... Ne4 $16 {[%emt 0:05:46] [#]} (21... Nxd5 $2 22. Rc8 Qxc8 23. Bxc8 Nxe3 24. Bxa6 $18) 22. Qe1 f5 23. f3 (23. Qb4 $16) 23... Nf6 $1 $11 24. Qd2 Kh7 (24... Qd7 $11) 25. Nc6 ({Vorzuziehen ist} 25. Bg2 $14) 25... Qd7 {[%emt 0:01:24] Weiss muss nun ...Nc4 beachten.} 26. Bf4 (26. Bd4 $11 {und Weiss steht sicher.}) 26... Nc4 $19 27. Qd3 (27. Qd1 $142 e5 28. Bd2 (28. b3 $2 Nb2 $19)) 27... Nxb2 28. Qb3 Nc4 29. e4 Kh8 (29... Qc7 $19 30. a4 (30. exf5 $2 {verliert.} Nxd5 31. Rxc4 bxc4 $19) 30... e5 (30... fxe4 31. axb5 Qb6+ 32. Kh1 $11)) 30. Qd3 (30. a4 $11 {und Weiss muss sich keine Sorgen machen.}) 30... fxe4 31. Bxd7 (31. Qxc4 {ist wohl besser.} Qxh3 32. Qf1 Qxf1+ 33. Rxf1) 31... exd3 32. Be6 g5 {[%emt 0:01:08] Gewichteter Fehlerwert: Weiß=0.73/Schwarz=0.34.  Verlustzug:     	Weiß=1     	---        Fehler:       	Weiß=8     	Schwarz=4     Ungenau:       	Weiß=1     	Schwarz=3     OK:         	Weiß=7     	Schwarz=6     Bester:       	---       	Schwarz=3     Stark:        	---       	Schwarz=1} 0-1

[Event "WSTCC-65 2024"]
[Site "Krakow"]
[Date "2024.07.02"]
[Round "1.14"]
[White "Westerinen, Heikki M.J."]
[Black "Goldmane, Astra"]
[Result "1-0"]
[ECO "B28"]
[WhiteElo "2221"]
[BlackElo "1989"]
[Annotator "TA"]
[PlyCount "55"]
[EventDate "2024.07.01"]
[EventType "team-tourn"]
[EventCountry "POL"]
[SourceTitle "playchess.com"]
[Source "ChessBase"]
[SourceQuality "1"]
[TimeControl "40/5400+30:1800+30"]

1. e4 c5 2. Nf3 a6 3. c3 d5 4. exd5 Qxd5 5. d4 Nc6 6. Be2 cxd4 7. cxd4 e6 8. O-O Nf6 9. Nc3 Qd8 10. Be3 Bd6 11. Qd2 Nb4 12. Rac1 Nbd5 13. Bd3 {[%emt 0:05:41] White has an edge.} O-O 14. Bg5 Qb6 15. Bb1 Qa7 ({Black should try} 15... Bd7 $1 $14) 16. Rfe1 ({White should play} 16. Qd3 $16 {Black must now prevent Nxd5.} g6 17. Ne5) 16... b5 $14 17. Ne5 b4 18. Na4 {[%emt 0:08:22] White is more active.} Bd7 $1 19. Nc5 {[%emt 0:02:17] Hoping for Qd3.} Rab8 $2 {[%emt 0:06:31] [#] Loses the game.} (19... Rfc8 $14) 20. Ncxd7 $18 Nxd7 21. Nc6 Qb6 22. Nxb8 $40 {[%emt 0:00:37][%mdl 128] White has strong attack.} Qxb8 23. Qd3 {[%emt 0:03:38][%csl Gb1][%cal Rd3h7] [#]} g6 24. g3 ({But not} 24. Qxa6 $6 Bxh2+ 25. Kf1 Bf4 26. Bxf4 Qxf4 $16) 24... Qb7 25. Qc4 N7b6 26. Qe2 a5 27. Qb5 {[%emt 0:01:22][%cal Oc1c6] Threatens to win with Rc6!} Qa7 $2 (27... Rb8 28. Be4 (28. Qxa5 Bf8 $18) 28... Kg7) 28. Rc6 {[%emt 0:00:52] Weighted Error Value: White=0.12 (very precise) /Black=0.36.  Mistake:       	White=1     	Black=3      Inaccurate:     	White=2     	Black=3      OK:         	White=9     	Black=3      Best:        	---       	Black=1      Strong:       	---       	Black=1} 1-0

[Event "WSTCC-65 2024"]
[Site "Krakow"]
[Date "2024.07.02"]
[Round "1.14"]
[White "Gasik, Piotr"]
[Black "Lohan, Martin"]
[Result "1-0"]
[ECO "A34"]
[WhiteElo "1954"]
[BlackElo "1826"]
[Annotator "NA RC"]
[PlyCount "79"]
[EventDate "2024.07.01"]
[EventType "team-tourn"]
[EventCountry "POL"]
[SourceTitle "playchess.com"]
[Source "ChessBase"]
[SourceQuality "1"]
[TimeControl "40/5400+30:1800+30"]

1. c4 c5 2. Nc3 g6 3. Nf3 Bg7 4. d4 cxd4 5. Nxd4 Nc6 6. e3 Nf6 7. Nc2 O-O 8. Be2 d6 9. O-O Bf5 10. Nd4 Nxd4 11. exd4 a6 12. Be3 Rc8 13. h3 Re8 14. Qb3 Qc7 15. Rac1 d5 16. cxd5 Qd6 17. Qxb7 Rb8 18. Qxa6 Rxb2 19. Qxd6 exd6 20. Bb5 Bd7 21. Bxd7 Nxd7 22. Rb1 Rxb1 23. Rxb1 Rc8 24. Rb7 Nf6 25. Rb3 Nd7 26. Ne4 Bf8 27. Rb7 Nb8 28. a4 Na6 29. Rb6 Ra8 30. Nc3 Nc7 31. Kf1 Ra5 32. Ke2 Nxd5 33. Nxd5 Rxd5 34. Rb5 Rxb5 35. axb5 Be7 36. Kd3 d5 37. b6 Bd6 38. g3 Kf8 39. Bf4 Ke7 40. b7 1-0

[Event "WSTCC-65 2024"]
[Site "Krakow"]
[Date "2024.07.02"]
[Round "1.15"]
[White "Ungure, Liga"]
[Black "Joentausta, Hannu"]
[Result "1/2-1/2"]
[ECO "B40"]
[WhiteElo "1970"]
[BlackElo "2102"]
[Annotator "NA RC"]
[PlyCount "74"]
[EventDate "2024.07.01"]
[EventType "team-tourn"]
[EventCountry "POL"]
[SourceTitle "playchess.com"]
[Source "ChessBase"]
[SourceQuality "1"]
[TimeControl "40/5400+30:1800+30"]

1. e4 c5 2. Nf3 e6 3. c3 Nf6 4. e5 Nd5 5. g3 Be7 6. Bg2 O-O 7. O-O d6 8. exd6 Bxd6 9. d4 Nc6 10. c4 Nc7 11. Nc3 cxd4 12. Nxd4 Nxd4 13. Qxd4 e5 14. Qd3 Ne6 15. Rd1 Nd4 16. Nb5 Bf5 17. Be4 Bxe4 18. Qxe4 Nxb5 19. cxb5 Qe7 20. Be3 Rfc8 21. Rd5 g6 22. Rad1 Rd8 23. Qd3 Bc7 24. Rd7 Qe8 25. Bg5 Rxd7 26. Qxd7 Qxd7 27. Rxd7 Rc8 28. Bf6 Kf8 29. Kf1 b6 30. Ke2 Ke8 31. Re7+ Kf8 32. Rd7 Ke8 33. Re7+ Kf8 34. Rd7 Ke8 35. Re7+ Kf8 36. Rd7 Ke8 37. Rd5 Kf8 1/2-1/2

[Event "WSTCC-65 2024"]
[Site "Krakow"]
[Date "2024.07.02"]
[Round "1.15"]
[White "Kusina, Jan"]
[Black "Lanc, Alois"]
[Result "0-1"]
[ECO "A53"]
[WhiteElo "1969"]
[BlackElo "2256"]
[Annotator "TA"]
[PlyCount "56"]
[EventDate "2024.07.01"]
[EventType "team-tourn"]
[EventCountry "POL"]
[SourceTitle "playchess.com"]
[Source "ChessBase"]
[SourceQuality "1"]
[TimeControl "40/5400+30:1800+30"]

1. d4 Nf6 2. c4 d6 3. Nc3 e5 4. dxe5 dxe5 5. Qxd8+ Kxd8 6. Nf3 Nfd7 7. Bd2 f6 8. O-O-O c6 9. Ne4 (9. g3 $11) 9... Kc7 $15 {[%emt 0:02:42] Schwarz steht etwas besser.} 10. Bc3 a5 11. e3 b6 12. h4 Na6 13. h5 Be7 14. Nh4 Ndc5 15. Ng3 Re8 16. Be2 Bf8 17. Ngf5 Be6 18. g4 Reb8 {[%emt 0:07:26] Droht stark ...Nb4.} 19. f3 $2 {[%emt 0:03:44] Der Zug kostet die Partie für Weiß.} (19. a3 $15) 19... Nb4 $19 20. Kb1 {[%emt 0:01:20] [#]} b5 $1 21. a3 $2 (21. e4 {war einen Versuch wert.}) 21... bxc4 {[%emt 0:07:28][%cal Oc5a4] ...Na4! wäre nun fies.} ({Schwächer ist} 21... Bxc4 22. axb4 axb4 (22... Bxe2 23. bxc5 b4 24. Bd2 $15) 23. Bxc4 bxc4 24. Bd2 $17 (24. Be1 $2 c3 $19)) 22. axb4 (22. Rc1 $142) 22... axb4 23. Be1 c3 {[%emt 0:02:59] ( -> ...Ra2)} 24. Bd3 Ra2 {[%emt 0:02:44] Schwarz setzt Matt.} 25. Rh2 Rba8 26. Kc1 Nxd3+ 27. Rxd3 Ra1+ 28. Kc2 cxb2 {[%emt 0:01:24] Gewichteter Fehlerwert: Weiß=0.88/Schwarz=0.04 (makellos) .  Fehler:       	Weiß=4     	---        Ungenau:       	Weiß=3     	Schwarz=1     OK:         	Weiß=5     	Schwarz=6     Bester:       	---       	Schwarz=1     Stark:        	---       	Schwarz=1} 0-1

[Event "WSTCC-65 2024"]
[Site "Krakow"]
[Date "2024.07.02"]
[Round "1.15"]
[White "McMahon, Frank"]
[Black "Pietrzak, Janusz"]
[Result "1/2-1/2"]
[ECO "B50"]
[WhiteElo "1818"]
[BlackElo "1919"]
[Annotator "NA RC"]
[PlyCount "76"]
[EventDate "2024.07.01"]
[EventType "team-tourn"]
[EventCountry "POL"]
[SourceTitle "playchess.com"]
[Source "ChessBase"]
[SourceQuality "1"]
[TimeControl "40/5400+30:1800+30"]

1. e4 c5 2. Nf3 d6 3. d4 cxd4 4. c3 dxc3 5. Nxc3 Nc6 6. Bc4 e6 7. O-O Be7 8. Qe2 Nf6 9. Rd1 Bd7 10. e5 dxe5 11. Nxe5 Nxe5 12. Qxe5 Rc8 13. Bb5 Qc7 14. Bxd7+ Nxd7 15. Qxg7 Bf6 16. Qg3 Qxg3 17. hxg3 Bxc3 18. bxc3 Rg8 19. Bb2 Nb6 20. Rd4 Nc4 21. Bc1 Rg7 22. Rb1 f6 23. Rb4 Rgc7 24. Rh4 b6 25. Rh6 Rf7 26. Rh4 Ne5 27. Bd2 Rd7 28. Rbd4 Rcd8 29. Be3 Nc6 30. Rc4 Na5 31. Rcf4 Rf7 32. Rh6 Ke7 33. Kh2 Nc6 34. Bc1 e5 35. Rfh4 Rh8 36. Ba3+ Ke6 37. g4 Rg7 38. Bc1 Ne7 1/2-1/2

[Event "WSTCC-65 2024"]
[Site "Krakow"]
[Date "2024.07.02"]
[Round "1.16"]
[White "Petran, Peter"]
[Black "Irlik, Andrzej"]
[Result "1-0"]
[ECO "A04"]
[WhiteElo "2195"]
[BlackElo "1983"]
[Annotator "RC"]
[PlyCount "95"]
[EventDate "2024.07.01"]
[EventType "team-tourn"]
[EventCountry "POL"]
[SourceTitle "playchess.com"]
[Source "ChessBase"]
[SourceQuality "1"]
[TimeControl "40/5400+30:1800+30"]

1. Nf3 g6 2. d4 Bg7 3. e4 c6 4. h3 d5 5. e5 f6 6. Bf4 Nh6 7. Bd3 Nf7 8. exf6 exf6 9. O-O O-O 10. c4 Nd7 11. cxd5 cxd5 12. Nc3 Nb6 13. Nb5 Bd7 14. Bc7 Qc8 15. Bg3 Bxb5 16. Bxb5 Qd8 17. Rc1 Nd6 18. Bd3 Qd7 19. b3 Rac8 20. Re1 Bh6 21. Rxc8 Rxc8 22. Qb1 Kf7 23. h4 Re8 24. h5 Rxe1+ 25. Nxe1 f5 26. Nf3 Kg8 27. Ne5 Qe6 28. hxg6 hxg6 29. Nf3 Ne4 30. Bb8 Nc8 31. Qc2 Qc6 32. Qxc6 bxc6 33. Ne5 c5 34. Ba6 Ne7 35. Bxa7 cxd4 36. Bxd4 Bf8 37. f3 Ng5 38. Bb7 Ne6 39. Bb6 Kg7 40. a4 f4 41. Nd7 d4 42. Nxf8 Kxf8 43. Kf1 Ke8 44. a5 Kd7 45. Ke2 Nc8 46. Bd5 Nc7 47. Bxc7 Kxc7 48. Kd3 1-0

[Event "WSTCC-65 2024"]
[Site "Krakow"]
[Date "2024.07.02"]
[Round "1.16"]
[White "Vinke, Dietmar"]
[Black "Rozlapa, Vija"]
[Result "1-0"]
[ECO "A08"]
[WhiteElo "2097"]
[BlackElo "1927"]
[Annotator "NA RC"]
[PlyCount "63"]
[EventDate "2024.07.01"]
[EventType "team-tourn"]
[EventCountry "POL"]
[SourceTitle "playchess.com"]
[Source "ChessBase"]
[SourceQuality "1"]
[TimeControl "40/5400+30:1800+30"]

1. Nf3 d5 2. g3 c5 3. Bg2 Nc6 4. O-O e5 5. d3 Nf6 6. Nbd2 Be6 7. e4 d4 8. Qe2 Bd6 9. Nh4 Qd7 10. Nc4 b5 11. Nxd6+ Qxd6 12. f4 Rd8 13. a4 b4 14. b3 a5 15. Nf5 Bxf5 16. fxe5 Nxe5 17. Rxf5 O-O 18. Bg5 Rde8 19. Bxf6 gxf6 20. Raf1 Re6 21. Bh3 Kg7 22. R5f2 Re7 23. Qh5 Ng6 24. Qf3 Re6 25. Bxe6 fxe6 26. Qh5 Qe5 27. Qxe5 Nxe5 28. h3 Kg6 29. g4 Kg5 30. Kg2 h6 31. Kg3 Ng6 32. Rf5+ 1-0